 Dungeon Crawl Stone Soup version 0.27-a0-1245-g940ed4fa31 (webtiles) character file.

Game seed: 16728031785513859427

53 robertstho the Shooter (level 3, -4/30 HPs)
             Began as a Hill Orc Hunter on June 9, 2021.
             Slain by Terence
             ... wielding a +0 falchion
              (7 damage)
             ... on level 2 of the Dungeon.
             The game lasted 00:01:52 (1355 turns).

robertstho the Shooter (Hill Orc Hunter)            Turns: 1355, Time: 00:01:53

Health: -4/30      AC:  3    Str: 12 (14) XL:     3   Next: 87%
Magic:  3/3        EV: 11    Int:  8 (11) God:
Gold:   25         SH:  0    Dex: 10 (12) Spells: 2/2 levels left

rFire    . . .     SeeInvis .   a - +1 shortbow
rCold    . . .     Faith    .   (shield currently unavailable)
rNeg     . . .     Spirit   .   c - +0 leather armour
rPois    +         Reflect  .   (no helmet)
rElec    .         Harm     .   (no cloak)
rCorr    .         Rampage  .   (no gloves)
Will     .....                  (no boots)
Stlth    +.........             (no amulet)
HPRegen  0.10/turn              f - ring of poison resistance
MPRegen  0.08/turn              (no ring)

@: mighty
A: no striking features
a: no special abilities


You were on level 2 of the Dungeon.
You visited 1 branch of the dungeon, and saw 2 of its levels.

You collected 25 gold pieces.

Inventory:

Hand Weapons
 a - a +1 shortbow (weapon)
 b - a +0 short sword
 d - a +0 long sword
Missiles
 n - 4 arrows (quivered ammo)
Armour
 c - a +0 leather armour (worn)
Jewellery
 f - a ring of poison resistance (left hand)
 h - a +6 ring of dexterity
 i - an amulet of the acrobat
Scrolls
 k - a scroll of immolation
 m - a scroll of fog


   Skills:
 * Level 2.6 Fighting
 * Level 4.5 Bows
 * Level 1.5 Armour
 + Level 1.5 Dodging
 + Level 0.7 Stealth


You had 2 spell levels left.
You didn't know any spells.
Your spell library was empty.

Dungeon Overview and Level Annotations

Branches:
Dungeon (2/15)

Altars:

Annotations:
D:2 Terence


Message History

The arrow hits Terence but does no damage.
Unknown command.
Fire: 7 arrows
Press: ? - help, Q - select action Shift-Dir - straight line, f/p - Terence
Aim: Terence, wielding a +0 falchion and wearing a +0 chain mail (69% to hit)
You shoot an arrow. The arrow hits Terence.
Terence is lightly wounded.
Terence says, "Time to say good-bye..."
Fire: 6 arrows
Press: ? - help, Q - select action Shift-Dir - straight line, f/p - Terence
Aim: Terence, wielding a +0 falchion and wearing a +0 chain mail (lightly wounded, 69% to hit)
You shoot an arrow. The arrow hits Terence.
Terence is moderately wounded.
Fire: 5 arrows
Press: ? - help, Q - select action Shift-Dir - straight line, f/p - Terence
Aim: Terence, wielding a +0 falchion and wearing a +0 chain mail (moderately wounded, 69% to hit)
You shoot an arrow.
The arrow hits Terence but does no damage.
Terence is moderately wounded.
Terence hits you with a +0 falchion.
* * * LOW HITPOINT WARNING * * *
Terence closely misses you.
As you read the scroll labelled LAMECE XOASOB, it crumbles to dust.
The scroll dissolves into smoke.
It was a scroll of fog.
As you read the scroll labelled NURAIBE ZAPOO, it crumbles to dust.
It is a scroll of identify.
k - a scroll of immolation Terence hits you with a +0 falchion.
* * * LOW HITPOINT WARNING * * *
Okay, then.
It was a potion of degeneration.
There was something very wrong with that liquid.
You feel weakened.
You feel dopey.
You feel clumsy. Terence closely misses you.
It was a potion of cancellation.
You feel magically purged. Terence closely misses you.
It was a potion of might.
You feel very mighty all of a sudden. Terence hits you with a +0 falchion!
You die...

...# #.# ####. ####
#.####.......
#..@...(...(. ##
##†.###....... .#
#....####.##.# .#
#.......# ##.### .#
#.#..##.# #§§§# ..
.####.....# #.##§§.#..#
...##.#.....#.§§@§§...#
...##.###.######@###..#
......# .# ####.#
...#### .# #....#######
...# #.##.(..(..( ...#
#.##.####...# ...#
#.......#...#... ..
...# ####(##.#...#...
#.). ...#
####(##.#......###...


You could see Terence.

Vanquished Creatures
  2 adders (D:2)
  2 worms (D:2)
  A dart slug (D:1)
  2 bats (D:1)
  An endoplasm (D:1)
  A giant cockroach (D:1)
  A goblin (D:2)
  A hobgoblin (D:1)
  A kobold (D:1)
  2 quokkas
  4 ball pythons
  11 rats (D:1)
29 creatures vanquished.

Notes
Turn   | Place    | Note
-------+----------+-------------------------------------------
     0 | D:1      | robertstho the Hill Orc Hunter began the quest for the Orb.
     0 | D:1      | Reached XP level 1. HP: 18/18 MP: 1/1
    61 | D:1      | Reached skill level 4 in Bows
    61 | D:1      | Reached XP level 2. HP: 25/25 MP: 2/2
   582 | D:2      | Reached skill level 1 in Armour
   582 | D:2      | Reached XP level 3. HP: 7/30 MP: 3/3
   896 | D:2      | Noticed Terence
  1142 | D:2      | Found a faded altar of an unknown god.
  1355 | D:2      | Slain by Terence

Illustrated notes

Levels and vault maps discovered:
D:1:      scummos_arrival_forest, layout_rooms, minmay_rat_gold_closets
D:2:      layout_basic, shapermc_ecumenical_altar_starsandcircs,
          kennysheep_donut, uniq_terence

Skill      XL: |  1  2 |
---------------+-------+-----
Bows           | 4 |  4.5
Armour         | 1 |  1.5
Fighting       | |  2.6
Dodging        | |  1.5
Stealth        | |  0.7

Action                   || total
-------------------------++-------
 Fire: Shortbow          ||    96
  Use: Scroll            ||     3
       Potion            ||     3
Armor: Leather armour    ||     3
Dodge: Dodged            ||    13

Table legend: (Time is in decaauts)
 A = Elapsed time spent in this place.
 B = Non-inter-level travel time spent in this place.
 C = Inter-level travel time spent in this place.
 D = Time resting spent in this place.
 E = Time spent auto-exploring this place.
 F = Levels seen in this place.
 G = Mean time per level.
                   A        B        C        D        E       F      G
               +--------+--------+--------+--------+--------+-----+--------+
         Total |   1364 |   1338 |     26 |    419 |    739 |   2 |  682.0 |
       Dungeon |   1364 |   1338 |     26 |    419 |    739 |   2 |  682.0 |
               +--------+--------+--------+--------+--------+-----+--------+

Top non-repeatable levels by time:
     D:2: 862 daAuts
     D:1: 502 daAuts
